| TOP OF THE 1ST |
|
Amarillo Gold Sox batting - Pitching for El Paso Sun Kings : RHP Ignacio Sola
|
|
Pitching: RHP Ignacio Sola
|
|
|
Batting: SHB Mike Felder
|
0-0: Ground out 5-3 (Groundball, 25, EV 73.1 MPH)
|
|
Batting: LHB Hector Arroyo
|
0-0: DOUBLE (Line Drive, 3D, EV 99.4 MPH)
|
|
Batting: SHB Al Newman
|
0-0: Ball 1-0: Foul Ball, location: 2F 1-1: Ball 2-1: Ball 3-1: Called Strike 3-2: Foul Ball, location: 2F 3-2: Foul Ball, location: 2F 3-2: Ground out 1-3 (Groundball, 25, EV 66.3 MPH)
|
|
Batting: RHB Bill Pecota
|
0-0: Ball 1-0: Swinging Strike 1-1: Reached on error, E6 (Groundball, 6M, EV 103.8 MPH) Hector Arroyo to third
|
|
Batting: SHB Steve Jeltz
|
0-0: Called Strike 0-1: Ball 1-1: Foul Ball, location: 2F 1-2: Ball 2-2: Ball 3-2: Strikes out looking
|
| Top of the 1st over - 0 runs, 1 hit, 1 error, 2 left on base; Amarillo 0 - El Paso 0 |
| BOTTOM OF THE 1ST |
|
El Paso Sun Kings batting - Pitching for Amarillo Gold Sox : LHP Gregg Lorenz
|
|
Pitching: LHP Gregg Lorenz
|
|
|
Batting: RHB Carlos Rios
|
0-0: Ball 1-0: Ball 2-0: Swinging Strike 2-1: Ball 3-1: Swinging Strike 3-2: Strikes out looking
|
|
Batting: LHB Stanley Hendrickson
|
0-0: Ball 1-0: Ball 2-0: Ball 3-0: Called Strike 3-1: Base on Balls
|
|
Batting: RHB Chuckie Canady
|
0-0: Ball Pickoff Throw to First - Error! E1 Stanley Hendrickson to second 1-0: Ground out 5-3 (Groundball, 56, EV 83.8 MPH)
|
|
Batting: RHB Jimmy Waugh
|
0-0: Foul Ball, location: 2F 0-1: Foul Ball, location: 2F 0-2: Ball 1-2: Strikes out swinging
|
| Bottom of the 1st over - 0 runs, 0 hits, 1 error, 1 left on base; Amarillo 0 - El Paso 0 |
| TOP OF THE 2ND |
|
Amarillo Gold Sox batting - Pitching for El Paso Sun Kings : RHP Ignacio Sola
|
|
Batting: LHB Derwin McNealy
|
0-0: Ball 1-0: Ball 2-0: Ball 3-0: Called Strike 3-1: Called Strike 3-2: Base on Balls
|
|
Batting: RHB Chino Cadahia
|
0-0: Called Strike 0-1: Grounds into double play, 6-4-3 (Groundball, 6, EV 103.8 MPH)
|
|
Batting: RHB Vic Alvarado
|
0-0: Foul Ball, location: 2F 0-1: Swinging Strike 0-2: Ball 1-2: Foul Ball, location: 2F 1-2: Ball 2-2: Foul Ball, location: 2F 2-2: Ball 3-2: Strikes out swinging
|
| Top of the 2nd over - 0 runs, 0 hits, 0 errors, 0 left on base; Amarillo 0 - El Paso 0 |
| BOTTOM OF THE 2ND |
|
El Paso Sun Kings batting - Pitching for Amarillo Gold Sox : LHP Gregg Lorenz
|
|
Batting: RHB Jon Hansen
|
0-0: Called Strike 0-1: Foul Ball, location: 2F 0-2: Strikes out looking
|
|
Batting: LHB Scott Bradley
|
0-0: Ball 1-0: Swinging Strike 1-1: SOLO HOME RUN (Flyball, 9D, EV 101.9 MPH), Distance : 368 ft
|
|
Batting: RHB Mike Anicich
|
0-0: Called Strike 0-1: Ball 1-1: Foul Ball, location: 2F 1-2: Ball 2-2: Foul Ball, location: 2F 2-2: Ball 3-2: Base on Balls
|
|
Batting: SHB Danny Torres
|
0-0: Called Strike 0-1: Called Strike 0-2: Ball 1-2: Ball Wild Pitch! Mike Anicich to second 2-2: Ball 3-2: Strikes out looking
|
|
Batting: RHB Lance Ediger
|
0-0: Swinging Strike 0-1: Foul Ball, location: 2F 0-2: SINGLE (Groundball, 56, EV 99.4 MPH) (infield hit) Mike Anicich to third
|
|
Batting: RHB Carlos Rios
|
0-0: Ball 1-0: Ball 2-0: Ground out 5-3 (Groundball, 15, EV 90.6 MPH)
|
| Bottom of the 2nd over - 1 run, 2 hits, 0 errors, 2 left on base; Amarillo 0 - El Paso 1 |
| TOP OF THE 3RD |
|
Amarillo Gold Sox batting - Pitching for El Paso Sun Kings : RHP Ignacio Sola
|
|
Batting: RHB Todd Smith
|
0-0: Ground out U3 (Groundball, 3, EV 82.5 MPH)
|
|
Batting: SHB Mike Felder
|
0-0: Ball 1-0: Foul Ball, location: 2F 1-1: Ball 2-1: Ball 3-1: Base on Balls
|
|
Batting: LHB Hector Arroyo
|
0-0: Ball 1-0: SINGLE (Line Drive, 78S, EV 110.6 MPH) Mike Felder to second
|
|
Batting: SHB Al Newman
|
0-0: Fly out, F9 (Flyball, 9, EV 90.0 MPH)
|
|
Batting: RHB Bill Pecota
|
0-0: Ball 1-0: Fly out, F3 (Popup, 3DF, EV 73.1 MPH)
|
| Top of the 3rd over - 0 runs, 1 hit, 0 errors, 2 left on base; Amarillo 0 - El Paso 1 |
| BOTTOM OF THE 3RD |
|
El Paso Sun Kings batting - Pitching for Amarillo Gold Sox : LHP Gregg Lorenz
|
|
Batting: LHB Stanley Hendrickson
|
0-0: Swinging Strike 0-1: Foul Ball, location: 2F 0-2: Foul Ball, location: 2F 0-2: Ground out 6-3 (Groundball, 56, EV 101.3 MPH)
|
|
Batting: RHB Chuckie Canady
|
0-0: Ball 1-0: Ground out 6-3 (Groundball, 56, EV 81.9 MPH)
|
|
Batting: RHB Jimmy Waugh
|
0-0: Called Strike 0-1: Foul Ball, location: 2F 0-2: Ball 1-2: Ball 2-2: Ball 3-2: SOLO HOME RUN (Line Drive, 78XD, EV 101.3 MPH), Distance : 427 ft
|
|
Batting: RHB Jon Hansen
|
0-0: Foul Ball, location: 2F 0-1: Foul Ball, location: 2F 0-2: Ball 1-2: Strikes out looking
|
| Bottom of the 3rd over - 1 run, 1 hit, 0 errors, 0 left on base; Amarillo 0 - El Paso 2 |
| TOP OF THE 4TH |
|
Amarillo Gold Sox batting - Pitching for El Paso Sun Kings : RHP Ignacio Sola
|
|
Batting: SHB Steve Jeltz
|
0-0: Called Strike 0-1: Ground out U3 (Groundball, 3L, EV 83.8 MPH)
|
|
Batting: LHB Derwin McNealy
|
0-0: Fly out, F2 (Popup, 2R, EV 95.6 MPH)
|
|
Batting: RHB Chino Cadahia
|
0-0: Ground out 6-3 (Groundball, 6, EV 102.5 MPH)
|
| Top of the 4th over - 0 runs, 0 hits, 0 errors, 0 left on base; Amarillo 0 - El Paso 2 |
| BOTTOM OF THE 4TH |
|
El Paso Sun Kings batting - Pitching for Amarillo Gold Sox : LHP Gregg Lorenz
|
|
Batting: LHB Scott Bradley
|
0-0: Ground out 6-3 (Groundball, 6M, EV 106.3 MPH)
|
|
Batting: RHB Mike Anicich
|
0-0: Swinging Strike 0-1: Ball 1-1: SINGLE (Groundball, 4S, EV 64.4 MPH) (infield hit)
|
|
Batting: SHB Danny Torres
|
0-0: Fly out, F3 (Line Drive, 3, EV 66.9 MPH) Lined into DP, U3 (Line Drive, 3, EV 74.4 MPH)
|
| Bottom of the 4th over - 0 runs, 1 hit, 0 errors, 0 left on base; Amarillo 0 - El Paso 2 |
| TOP OF THE 5TH |
|
Amarillo Gold Sox batting - Pitching for El Paso Sun Kings : RHP Ignacio Sola
|
|
Batting: RHB Vic Alvarado
|
0-0: Foul Ball, location: 2F 0-1: Fly out, F1 (Line Drive, P, EV 68.8 MPH)
|
|
Batting: RHB Todd Smith
|
0-0: Fly out, F8 (Line Drive, 8LD, EV 91.9 MPH)
|
|
Batting: SHB Mike Felder
|
0-0: Ball 1-0: Foul Ball, location: 2F 1-1: Swinging Strike 1-2: Ball 2-2: Ball 3-2: Base on Balls
|
|
Batting: LHB Hector Arroyo
|
0-0: Ball Mike Felder is caught stealing 2nd base 2-6
|
| Top of the 5th over - 0 runs, 0 hits, 0 errors, 0 left on base; Amarillo 0 - El Paso 2 |
| BOTTOM OF THE 5TH |
|
El Paso Sun Kings batting - Pitching for Amarillo Gold Sox : LHP Gregg Lorenz
|
|
Batting: RHB Lance Ediger
|
0-0: Called Strike 0-1: Ground out 6-3 (Groundball, 6, EV 83.1 MPH)
|
|
Batting: RHB Carlos Rios
|
0-0: Foul Ball, location: 2F 0-1: Ball 1-1: Fly out, F7 (Line Drive, 7, EV 92.5 MPH)
|
|
Batting: LHB Stanley Hendrickson
|
0-0: Foul Ball, location: 2F 0-1: Ball 1-1: Foul Ball, location: 2F 1-2: Strikes out swinging
|
| Bottom of the 5th over - 0 runs, 0 hits, 0 errors, 0 left on base; Amarillo 0 - El Paso 2 |
| TOP OF THE 6TH |
|
Amarillo Gold Sox batting - Pitching for El Paso Sun Kings : RHP Ignacio Sola
|
|
Batting: LHB Hector Arroyo
|
0-0: Swinging Strike 0-1: Fly out, F8 (Line Drive, 8RD, EV 85.0 MPH)
|
|
Batting: SHB Al Newman
|
0-0: SINGLE (Line Drive, 9S, EV 103.8 MPH)
|
|
Batting: RHB Bill Pecota
|
0-0: Ball Al Newman steals 2nd base 1-0: Foul Ball, location: 2F 1-1: Ball 2-1: Ball 3-1: Swinging Strike 3-2: Fly out, F3 (Line Drive, 3, EV 72.5 MPH)
|
|
Batting: SHB Steve Jeltz
|
0-0: Ball 1-0: Ball 2-0: Called Strike 2-1: Called Strike 2-2: Ball 3-2: 2-RUN HOME RUN (Flyball, 9LD, EV 104.4 MPH), Distance : 341 ft
|
|
Batting: LHB Derwin McNealy
|
0-0: Foul Ball, location: 2F 0-1: Called Strike 0-2: Foul Ball, location: 2F 0-2: Ground out 5-3 (Groundball, 56, EV 106.9 MPH)
|
| Top of the 6th over - 2 runs, 2 hits, 0 errors, 0 left on base; Amarillo 2 - El Paso 2 |
| BOTTOM OF THE 6TH |
|
El Paso Sun Kings batting - Pitching for Amarillo Gold Sox : LHP Gregg Lorenz
|
|
Batting: RHB Chuckie Canady
|
0-0: Called Strike 0-1: Foul Ball, location: 2F 0-2: Fly out, F3 (Popup, 3S, EV 61.9 MPH)
|
|
Batting: RHB Jimmy Waugh
|
0-0: Called Strike 0-1: Ball 1-1: Called Strike 1-2: Ball 2-2: Fly out, F9 (Flyball, 9LS, EV 82.5 MPH)
|
|
Batting: RHB Jon Hansen
|
0-0: Fly out, F6 (Flyball, 56D, EV 89.4 MPH)
|
| Bottom of the 6th over - 0 runs, 0 hits, 0 errors, 0 left on base; Amarillo 2 - El Paso 2 |
| TOP OF THE 7TH |
|
Amarillo Gold Sox batting - Pitching for El Paso Sun Kings : RHP Ignacio Sola
|
|
Batting: RHB Chino Cadahia
|
0-0: Ground out 4-3 (Groundball, 4, EV 105.6 MPH)
|
|
Batting: RHB Vic Alvarado
|
0-0: Foul Ball, location: 2F 0-1: Ball 1-1: Swinging Strike 1-2: Foul Ball, location: 2F 1-2: Strikes out swinging
|
|
Batting: RHB Todd Smith
|
0-0: Called Strike 0-1: Ground out 6-3 (Groundball, 56, EV 111.3 MPH)
|
| Top of the 7th over - 0 runs, 0 hits, 0 errors, 0 left on base; Amarillo 2 - El Paso 2 |
| BOTTOM OF THE 7TH |
|
El Paso Sun Kings batting - Pitching for Amarillo Gold Sox : LHP Gregg Lorenz
|
|
Batting: LHB Scott Bradley
|
0-0: Ball 1-0: Ball 2-0: Called Strike 2-1: Called Strike 2-2: Fly out, F8 (Flyball, 89D, EV 84.4 MPH)
|
|
Batting: RHB Mike Anicich
|
0-0: Called Strike 0-1: Foul Ball, location: 2F 0-2: Fly out, F7 (Flyball, 7, EV 94.4 MPH)
|
|
Batting: SHB Danny Torres
|
0-0: Called Strike 0-1: Ball 1-1: Swinging Strike 1-2: Strikes out swinging
|
| Bottom of the 7th over - 0 runs, 0 hits, 0 errors, 0 left on base; Amarillo 2 - El Paso 2 |
| TOP OF THE 8TH |
|
Amarillo Gold Sox batting - Pitching for El Paso Sun Kings : RHP Ignacio Sola
|
|
Batting: SHB Mike Felder
|
0-0: Swinging Strike 0-1: Ball 1-1: Foul Ball, location: 2F 1-2: Foul Ball, location: 2F 1-2: Ball 2-2: SINGLE (Line Drive, 3D, EV 100.6 MPH)
|
|
Batting: LHB Hector Arroyo
|
0-0: Called Strike Mike Felder steals 2nd base 0-1: Swinging Strike 0-2: Ball 1-2: Fly out, F8 (Line Drive, 8RD, EV 91.9 MPH)
|
|
Batting: SHB Al Newman
|
0-0: Intentional Walk
|
|
Batting: RHB Bill Pecota
|
0-0: Foul Ball, location: 2F 0-1: Called Strike Mike Felder steals 3rd base 0-2: Foul Ball, location: 2F 0-2: SINGLE (Line Drive, 8LS, EV 86.3 MPH) Mike Felder scores Al Newman to second Runner from 2nd tries for 3rd, SAFE, throw by CF made to third
|
|
Batting: SHB Steve Jeltz
|
0-0: Ball 1-0: Ball 2-0: Ball 3-0: Base on Balls Bill Pecota to second
|
|
Batting: LHB Derwin McNealy
|
0-0: Called Strike 0-1: Fly out, F9 (Flyball, 9LS, EV 80.0 MPH)
|
|
Batting: RHB Chino Cadahia
|
0-0: Called Strike 0-1: Foul Ball, location: 2F 0-2: Fly out, F7 (Flyball, 7, EV 86.9 MPH)
|
| Top of the 8th over - 1 run, 2 hits, 0 errors, 3 left on base; Amarillo 3 - El Paso 2 |
| BOTTOM OF THE 8TH |
|
El Paso Sun Kings batting - Pitching for Amarillo Gold Sox : LHP Gregg Lorenz
|
|
Batting: RHB Lance Ediger
|
0-0: Ground out 4-3 (Groundball, 4S, EV 85.6 MPH)
|
|
Batting: RHB Carlos Rios
|
0-0: Foul Ball, location: 2F 0-1: Called Strike 0-2: Fly out, F7 (Flyball, 7D, EV 105.0 MPH)
|
|
Pitching: RHP Luis Peralta
|
|
|
Batting: LHB Stanley Hendrickson
|
0-0: Ball 1-0: Ball 2-0: Swinging Strike 2-1: Ball 3-1: Base on Balls
|
|
Batting: RHB Chuckie Canady
|
0-0: Swinging Strike 0-1: Ball 1-1: Ball 2-1: Foul Ball, location: 2F 2-2: Ball 3-2: Foul Ball, location: 2F 3-2: SINGLE (Line Drive, 8RS, EV 105.6 MPH) Stanley Hendrickson to second Stanley Hendrickson to third
|
|
Batting: RHB Jimmy Waugh
|
0-0: Ground out 6-3 (Groundball, 6M, EV 85.0 MPH)
|
| Bottom of the 8th over - 0 runs, 1 hit, 0 errors, 2 left on base; Amarillo 3 - El Paso 2 |
| TOP OF THE 9TH |
|
Amarillo Gold Sox batting - Pitching for El Paso Sun Kings : RHP Ignacio Sola
|
|
Batting: RHB Vic Alvarado
|
0-0: Called Strike 0-1: Swinging Strike 0-2: Foul Ball, location: 2F 0-2: Fly out, F7 (Flyball, 7S, EV 87.5 MPH)
|
|
Batting: RHB Todd Smith
|
0-0: Ground out 4-3 (Groundball, 4, EV 100.0 MPH)
|
|
Batting: SHB Mike Felder
|
0-0: Ball 1-0: Called Strike 1-1: SINGLE (Line Drive, 78S, EV 107.5 MPH)
|
|
Batting: LHB Hector Arroyo
|
0-0: Ball Mike Felder is caught stealing 2nd base 2-6
|
| Top of the 9th over - 0 runs, 1 hit, 0 errors, 0 left on base; Amarillo 3 - El Paso 2 |
| BOTTOM OF THE 9TH |
|
El Paso Sun Kings batting - Pitching for Amarillo Gold Sox : RHP Luis Peralta
|
|
Pitching: RHP Joel Finch
|
|
|
Now in LF: Russ Laribee
|
|
|
Pinch Hitting: LHB Franklin Lopez
|
0-0: Swinging Strike 0-1: DOUBLE (Flyball, 89XD, EV 107.5 MPH)
|
|
Batting: LHB Scott Bradley
|
0-0: Ball 1-0: Ball 2-0: Ball 3-0: Base on Balls
|
|
Batting: RHB Mike Anicich
|
0-0: Foul Ball, location: 2F 0-1: Foul Ball, location: 2F 0-2: Strikes out swinging
|
|
Batting: SHB Danny Torres
|
0-0: Foul Ball, location: 2F 0-1: Ball 1-1: Called Strike 1-2: Fly out, F7 (Flyball, 7LM, EV 97.5 MPH)
|
|
Pinch Hitting: RHB Michael Hanson
|
0-0: Called Strike 0-1: Foul Ball, location: 2F 0-2: Fly out, F8 (Flyball, 78S, EV 91.3 MPH)
|
| Bottom of the 9th over - 0 runs, 1 hit, 0 errors, 2 left on base; Amarillo 3 - El Paso 2 |
|